 Dungeon Crawl Stone Soup version 0.29.1-15-g9cfb28693d (webtiles) character file.

Game seed: 6710831401584997965

30 protoss039 the Digger (level 3, 25/26 HPs)
             Began as a Demonspawn Earth Elementalist on Mar 17, 2023.
             Got out of the dungeon alive.
             The game lasted 00:01:30 (2075 turns).

protoss039 the Digger (DsEE)                        Turns: 2075, Time: 00:01:30

Health: 25/26      AC:  5    Str:  8    XL:     3   Next: 3%
Magic:  6/6        EV: 10    Int: 20    God:
Gold:   91         SH:  4    Dex: 13    Spells: 4/7 levels left

rFire   . . .      SeeInvis .   e - +0 dagger
rCold   . . .      Faith    .   (no shield)
rNeg    . . .      Spirit   .   l - +0 ring mail
rPois   .          Reflect  .   (no helmet)
rElec   .          Harm     .   (no cloak)
rCorr   .          Rampage  .   (no gloves)
Will    .....                   (no boots)
Stlth   +.........              (no amulet)
HPRegen 0.08/turn               (no ring)
MPRegen 0.10/turn               (no ring)

@: no status effects
A: big brain 1, condensation shield
a: no special abilities


You escaped.
You visited 1 branch of the dungeon, and saw 2 of its levels.

You collected 91 gold pieces.

Inventory:

Hand Weapons
 e - a +0 dagger (weapon)
Armour
 l - a +0 ring mail (worn)
Scrolls
 c - a scroll of teleportation {unknown}
 d - 3 scrolls of identify {unknown}
 h - a scroll of poison {unknown}
 i - a scroll of torment {unknown}
Potions
 a - a potion of flight {unknown}
 b - 2 potions of magic
 f - a potion of degeneration {unknown}
 g - a potion of resistance {unknown}
 j - 2 potions of berserk rage {unknown}
 k - a potion of might {unknown}
 m - a potion of lignification {unknown}


   Skills:
 + Level 1.3 Fighting
 - Level 1.7 Dodging
 - Level 1.7 Stealth
 + Level 2.5 Spellcasting
 - Level 0.8 Transmutations
 + Level 3.1 Earth Magic


You had 4 spell levels left.
You knew the following spells:

 Your Spells              Type           Power      Damage    Failure   Level
a - Sandblast             Erth           30%        2d9       13%         1
b - Passwall              Tmut/Erth      8%         N/A       30%         2

Your spell library contained the following spells:

 Spells                   Type           Power      Damage    Failure   Level
 Magic Dart               Conj           8%         1d3       43%         1
 Call Imp                 Summ           2%         N/A       56%         2
 Stone Arrow              Conj/Erth      16%        3d8       58%         3
 Mephitic Cloud           Conj/Pois/Air  2%         N/A       80%         3
 Petrify                  Tmut/Erth      10%        N/A       90%         4
 Dispersal                Tloc           1%         N/A       100%        6
 Disjunction              Tloc           1%         N/A       100%        8


Dungeon Overview and Level Annotations

Branches:
Dungeon (2/15) Zot: 9909

Altars:


Innate Abilities, Weirdness & Mutations

You have an unusually large brain. (Int +2)
A meltable shield of frost defends you. (SH +4)


Message History

Casting: Sandblast (safe; 13% risk of failure)
Confirm with . or Enter, or press ? or * to list all spells.
You don't have enough magic to cast this spell.
Unknown command.
Unknown command.
There is an open door here.
The kobold shouts!
Casting: Sandblast (safe; 13% risk of failure)
Confirm with . or Enter, or press ? or * to list all spells.
You don't have enough magic to cast this spell.
Unknown command.
Unknown command.
Casting: Sandblast (safe; 13% risk of failure)
Confirm with . or Enter, or press ? or * to list all spells.
You don't have enough magic to cast this spell.
Unknown command.
You hit the kobold.
The kobold is severely wounded.
The kobold misses you.
You barely miss the kobold.
The kobold is severely wounded.
The kobold drinks a potion.
The kobold is healed!
You barely miss the kobold. The kobold hits you with a +0 club.
Your magical contamination has completely faded away.
You barely miss the kobold. The kobold hits you with a +0 club.
You hit the kobold.
You kill the kobold!
You see here a +0 club.
You see here a +0 club.
There is an open door here.
There is an open door here.
There is an open door here.
There is an open door here.
There is a stone staircase leading up here.
You climb upwards.
There is a stone staircase leading down here.
Magic restored.
There is a staircase leading out of the dungeon here.
Are you sure you want to leave the Dungeon?
This will make you lose the game!
You have escaped!

##.##.......#.#...##..#..........
............#.#..##...#.....#.###
##.###......#.#..#....#.....#.#
##.# #......#.#..#.8..##.####.#
##.#####....#.#..#............#
#...........#.#..##.........^.#
#..####.#.###.#...##..........###
#..####.#.# #.#....#.............
........#.# #.'.@..'.............
........#.# #.#....#.............
.(......#.# #.#...##.............
........#.# #.#..##..............
#..####.#.# #.#..#...............
#..####.#.# #.#..#.8..##.###.....
........#.# #.#..#....#..# #.####
..#.....#.# #.#..##...#..# #.# #
........#.# #.#...##.(#..###>####


There were no monsters in sight!

Vanquished Creatures
  A worm (D:2)
  3 bats
  2 endoplasms
  3 goblins
  4 hobgoblins
  3 ball pythons
  3 frilled lizards
  3 kobolds
  4 rats
26 creatures vanquished.

Notes
Turn   | Place    | Note
-------+----------+-------------------------------------------
     0 | D:1      | protoss039 the Demonspawn Earth Elementalist began the
                  | quest for the Orb.
     0 | D:1      | Reached XP level 1. HP: 13/13 MP: 3/3
   689 | D:1      | Gained mutation: You have an unusually large brain. (Int
                  | +2) [demonic ancestry]
   689 | D:1      | Reached XP level 2. HP: 19/20 MP: 3/5
   753 | D:1      | Found a faded altar of an unknown god.
  1267 | D:1      | Learned a level 2 spell: Passwall
  1272 | D:2      | Reached skill level 1 in Fighting
  1381 | D:2      | Reached skill level 3 in Earth Magic
  2000 | D:2      | Gained mutation: A meltable shield of frost defends you.
                  | (SH +4) [demonic ancestry]
  2000 | D:2      | Reached XP level 3. HP: 26/26 MP: 0/6
  2075 | D:$      | Got out of the dungeon alive.

Illustrated notes

Levels and vault maps discovered:
D:1:      giann_horns, layout_basic, basic_ecumenical_altar
D:2:      minmay_door_path, layout_loops_corners, uniq_sigmund

Skill      XL: |  1  2 |
---------------+-------+-----
Fighting       | 1 |  1.3
Earth Magic    | 3 |  3.1
Dodging        | |  1.7
Stealth        | |  1.7
Spellcasting   | |  2.5
Transmutations | |  0.8

Action                   || total
-------------------------++-------
Melee: Dagger            ||    27
 Cast: Sandblast         ||    32
 Stab: Sleeping          ||     1
Armor: Robe              ||     2
       Ring mail         ||    11
Dodge: Dodged            ||    32
